 Dungeon Crawl Stone Soup version 0.24.0-13-gcf9b3192b9 (webtiles) character file.

Game seed: 17946595935983736206, levelgen mode: deterministic

10 mopl the Sneak (level 2, -1/20 HPs)
             Began as a Demigod Enchanter on Nov 5, 2019.
             Slain by a jackal (3 damage)
             ... on level 1 of the Dungeon.
             The game lasted 00:02:57 (707 turns).

mopl the Sneak (Demigod Enchanter)                   Turns: 707, Time: 00:02:58

Health: -1/20      AC:  2    Str: 11    XL:     2   Next: 0%
Magic:  3/7        EV: 12    Int: 19    God:
Gold:   19         SH:  0    Dex: 16    Spells: 2/5 levels left

rFire    . . .     SeeInvis .   a - +1 dagger
rCold    . . .     Gourm    .   (no shield)
rNeg     . . .     Faith    .   b - +0 robe
rPois    .         Spirit   .   (no helmet)
rElec    .         Reflect  .   (no cloak)
rCorr    .         Harm     .   (no gloves)
MR       .....                  (no boots)
Stlth    ++........             (no amulet)
HPRegen  0.06/turn              (no ring)
MPRegen  0.10/turn              (no ring)

@: very slightly contaminated
A: high mp 1
a: no special abilities


You were on level 1 of the Dungeon.
You were not hungry.

You visited 1 branch of the dungeon, and saw 1 of its levels.

You collected 19 gold pieces.

Inventory:

Hand Weapons
 a - a +1 dagger (weapon)
Armour
 b - a +0 robe (worn)
Jewellery
 h - an uncursed ring of fire
Scrolls
 e - a scroll of noise {unknown}
 g - a scroll of identify {unknown}
Potions
 c - 2 potions of ambrosia {unknown}
 i - a potion of lignification {unknown}
Comestibles
 d - 2 rations
 f - a chunk of flesh


   Skills:
 - Level 0.8 Short Blades
 - Level 1.7 Dodging
 * Level 2.9 Stealth
 * Level 2.0 Spellcasting
 * Level 2.9 Hexes
 + Level 0.0 Ice Magic


You had 2 spell levels left.
You knew the following spells:

 Your Spells              Type           Power        Failure   Level  Hunger
a - Corona                Hex            ##.....      4%          1    #......
b - Ensorcelled Hibernat  Hex/Ice        #.....       14%         2    ###....

Your spell library contained the following spells:

 Spells                   Type           Power        Failure   Level  Hunger
 Confuse                  Hex            ##......     16%         3    ###....
 Tukima's Dance           Hex            ##......     16%         3    ###....
 Dazzling Spray           Conj/Hex       #.....       28%         3    ###....


Dungeon Overview and Level Annotations

Branches:
Dungeon (1/15)


Innate Abilities, Weirdness & Mutations

You have an increased reservoir of magic. (+10% MP)


Message History

* * * LOW HITPOINT WARNING * * *
You hit the jackal but do no damage.
The jackal stops glowing.
The jackal bites you.
* * * LOW HITPOINT WARNING * * *
The jackal bites you but does no damage.
You closely miss the jackal. The jackal bites you.
* * * LOW HITPOINT WARNING * * *
You closely miss the jackal. The jackal barely misses you.
You hit the jackal but do no damage.
The jackal stops to sniff the ground.
The jackal closely misses you. The jackal barely misses you.
You barely miss the jackal. The jackal closely misses you.
You hit the jackal.
The jackal is severely wounded.
The jackal closely misses you.
You closely miss the jackal.
The jackal is severely wounded.
The jackal bites you but does no damage.
The jackal bites you.
You die...

..#
####.#P♣.♣♣....##..P♣♣♣.
..# #.##.♣.P.##.##P♣♣♣PP.
..##
#.##.P♣.###.###.♣♣♣..
♣♣♣P.P# #.###.P.# #.#
#.P.... ♣♣PP♣P.# #.#
##..# #.# ##.♣...
P♣♣P.P♣♣.####.####..###.#
#.P...
..♣....PP.....##........#
#..#.#
..PP..P♣.#######.########
##...# #.....♣.## #@#
#.###
.....P.#########h### #.#
####.......)...#...# #.#
#..###..###.....## #.#
##.#
#..#.#.###..#########.###
#.#
#..##h.#.#...)>..##.....#
#.#
#.......##..####.##.....#
#.# #.##........#
#.##.>...# #.#
#.#[#..##...# #.##.....#


You could see a jackal.

Vanquished Creatures
  A ball python (D:1)
  A bat (D:1)
  2 hobgoblins (D:1)
  A frilled lizard (D:1)
  A goblin (D:1)
  3 kobolds (D:1)
  A rat (D:1)
  A plant (D:1)
11 creatures vanquished.

Notes
Turn   | Place    | Note
-------+----------+-------------------------------------------
     0 | D:1      | mopl the Demigod Enchanter began the quest for the Orb.
     0 | D:1      | Reached XP level 1. HP: 14/14 MP: 5/5
   622 | D:1      | Reached XP level 2. HP: 5/20 MP: 1/7
   627 | D:1      | Learned a level 2 spell: Ensorcelled Hibernation
   702 | D:1      | HP: 1/20 [jackal (1)]
   707 | D:1      | Slain by a jackal

Levels and vault maps discovered:
D:1:      kennysheep_arrival_seaside, layout_loops_ring, serial_forest,
          infiniplex_forest_clump_tiny, infiniplex_forest_lined_ring,
          infiniplex_forest_straight_4, infiniplex_forest_clump_C,
          infiniplex_forest_clump_long, infiniplex_forest_end_2,
          infiniplex_forest_clump_long, infiniplex_forest_clump_long,
          minmay_heptomino_o4

Skill      XL: |  1 |
---------------+----+-----
Spellcasting   | 2 |  2.0
Short Blades   | |  0.8
Dodging        | |  1.7
Stealth        | |  2.9
Hexes          | |  2.9

Action                   || total
-------------------------++-------
Melee: Dagger            ||   181
 Cast: Corona            ||    15
       Ensorcelled Hiber ||     1
Armor: Robe              ||     7
Dodge: Dodged            ||    45
